 Dungeon Crawl Stone Soup version 0.28.0-43-g3370ac3207 (webtiles) character file.

Game seed: 7131034458232038594

364 smarlow the Sneak (level 6, -2/30 HPs)
             Began as a Spriggan Enchanter on Mar 8, 2022.
             Killed by divine providence
             ... invoked by an orc priest
              (13 damage)
             ... on level 5 of the Dungeon.
             The game lasted 00:09:13 (5053 turns).

smarlow the Sneak (Spriggan Enchanter)              Turns: 5053, Time: 00:09:14

Health: -2/30      AC:  3    Str:  4    XL:     6   Next: 39%
Magic:  13/22      EV: 18    Int: 18    God:
Gold:   210        SH:  0    Dex: 16    Spells: 5/13 levels left

rFire   + . .      SeeInvis +   n - +4 short sword of Pride {drain, MP+9}
rCold   + . .      Faith    .   (no shield)
rNeg    . . .      Spirit   .   j - +0 robe {rC+ rF+}
rPois   .          Reflect  .   (helmet restricted)
rElec   .          Harm     .   f - +0 cloak
rCorr   .          Rampage  .   (gloves unavailable)
Will    +....                   (boots unavailable)
Stlth   +++.......              (no amulet)
HPRegen 0.10/turn               (no ring)
MPRegen 0.18/turn               (no ring)

@: confusing by touch, very quick
A: very small, no large weapons, unfitting armour, see invisible, speed 3
a: no special abilities


You were on level 5 of the Dungeon.
You visited 1 branch of the dungeon, and saw 5 of its levels.

You collected 210 gold pieces.

Inventory:

Hand Weapons
 a - a +1 dagger
 n - the +4 short sword of Pride (weapon) {drain, MP+9}
   (You found it on level 2 of the Dungeon)

   A truly terrible weapon, it drains the life of any living foe it strikes.
   MP:        It affects your magic capacity (+9).
Armour
 f - a +0 cloak (worn)
 j - a +0 robe of resistance (worn)
Jewellery
 p - an amulet of reflection
Scrolls
 b - 2 scrolls of teleportation {unknown}
 d - a scroll of blinking {unknown}
 h - 3 scrolls of identify {unknown}
 k - 2 scrolls of torment {unknown}
Potions
 c - a potion of invisibility
 e - 3 potions of resistance {unknown}
 g - 2 potions of lignification {unknown}
 i - 2 potions of mutation {unknown}
 l - a potion of haste {unknown}
 m - a potion of degeneration {unknown}
 o - a potion of ambrosia {unknown}


   Skills:
 + Level 1.5 Fighting
 + Level 2.8 Short Blades
 + Level 4.2 Dodging
 + Level 6.1 Stealth
 + Level 4.0 Spellcasting
 * Level 5.4 Hexes


You had 5 spell levels left.
You knew the following spells:

 Your Spells              Type           Power      Damage    Failure   Level
a - Ensorcelled Hibernat  Hex/Ice        26%        N/A       8%          2
b - Confusing Touch       Hex            23%        N/A       4%          3
c - Tukima's Dance        Hex            23%        N/A       4%          3

Your spell library contained the following spells:

 Spells                   Type           Power      Damage    Failure   Level
 Pain                     Necr           12%        1d4       14%         1
 Dazzling Flash           Conj/Hex       26%        N/A       14%         3
 Inner Flame              Hex/Fire       13%        N/A       14%         3
 Cause Fear               Hex            11%        N/A       16%         4
 Corpse Rot               Necr/Air       6%         N/A       22%         2
 Poisonous Vapours        Pois/Air       6%         N/A       22%         2
 Gell's Gravitas          Tloc           3%         N/A       41%         3
 Teleport Other           Tloc           3%         N/A       41%         3
 Metabolic Englaciation   Hex/Ice        6%         N/A       80%         5
 Petrify                  Tmut/Erth      3%         N/A       82%         4
 Agony                    Necr           3%         N/A       99%         5
 Excruciating Wounds      Necr           1%         N/A       99%         5
 Dispersal                Tloc           1%         N/A       100%        6
 Statue Form              Tmut/Erth      2%         N/A       100%        6
 Discord                  Hex            11%        N/A       100%        8


Dungeon Overview and Level Annotations

Branches:
Dungeon (5/15)
 Temple: D:4-7

Altars:

Shops:
D:5 =:


Innate Abilities, Weirdness & Mutations

You are very small and have problems with some larger weapons.
You are too small for most types of armour.
You have supernaturally acute eyesight. (SInv)
You cover ground extremely quickly. (Speed+++)


Message History

Casting: Ensorcelled Hibernation (safe; 8% risk of failure)
Confirm with . or Enter, or press ? or * to list all spells.
Your hands begin to glow red.
The orc hits you with a +0 falchion.
You barely miss the orc.
The orc is lightly wounded.
The orc wizard casts a spell.
The orc wizard flickers and vanishes for a moment.
The orc completely misses you.
You hit the orc but do no damage.
The orc appears confused.
The orc is lightly wounded.
You hit the orc.
The orc is heavily wounded.
The orc wizard hits you but does no damage.
The orc completely misses you.
The orc misses the orc wizard.
The orc wizard resists with some effort.
The orc wizard hits you with a +0 dagger.
The orc barely misses the orc wizard.
The orc hits itself with a +0 falchion.
Aiming: Ensorcelled Hibernation (safe; 8% risk of failure)
Press: ? - help, Q - select action, (/) - cycle Shift-Dir - straight line, f/p - orc wizard
Aim: an orc wizard, wielding a +0 dagger and wearing a +0 robe (slightly transparent, chance to affect: 47%)
The orc wizard looks drowsy...
The orc wizard shouts!
The orc wizard misses you.
You hit the orc wizard but do no damage.
You drain the orc wizard.
The orc wizard is moderately wounded.
The orc wizard gestures at you while chanting.
The puff of flame hits you. You resist.
The orc closely misses the orc wizard.
Casting: Ensorcelled Hibernation (safe; 8% risk of failure)
Confirm with . or Enter, or press ? or * to list all spells.
Your hands begin to glow red.
The orc wizard gestures at you while chanting.
The magic dart hits you.
The orc hits the orc priest with a +0 falchion.
The orc priest looks encouraged for a moment.
The orc hits the orc priest with a +0 falchion.
The orc priest calls down the wrath of Beogh upon you.
Beogh smites you!
You die...

########
###########..o.oo.
#oo.oo.......#####
#o#########≈≈≈## #.#
#...≈≈≈≈≈# #o#
##.....∩≈≈### #.#
#....≈≈≈≈≈...
#@####.#.##≈≈≈###.
#..[...#.###.## #.
###.######.# #.# #.
#...# #.# #.####.
#.#.# #.###.##...
#.#.######......#.##
#.#.............#.#
#.#########.......#
#.# #.......#


You could see an orc priest, an orc wizard (invisible, drained) and 2 orcs.

Vanquished Creatures
  An ogre (D:4)
  A water moccasin skeleton (D:5)
  2 jellies
  Crazy Yiuf (D:3)
  Jessica (D:2)
  An iguana (D:4)
  2 hound skeletons
  An ufetubus (D:4)
  2 worms (D:2)
  3 dart slugs
  5 endoplasms
  7 goblins
  6 hobgoblins
  2 jackals (D:4)
  2 quokkas
  5 ball pythons
  4 bats
  4 frilled lizards
  7 kobolds
  2 rats (D:1)
59 creatures vanquished.

Vanquished Creatures (others)
  5 fungi (D:4)
5 creatures vanquished.

Grand Total: 64 creatures vanquished

Notes
Turn   | Place    | Note
-------+----------+-------------------------------------------
     0 | D:1      | smarlow the Spriggan Enchanter began the quest for the Orb.
     0 | D:1      | Reached XP level 1. HP: 9/9 MP: 5/5
   686 | D:1      | Reached XP level 2. HP: 13/13 MP: 6/6
   692 | D:1      | Learned a level 2 spell: Ensorcelled Hibernation
  1249 | D:1      | Found a faded altar of an unknown god.
  1521 | D:2      | Reached skill level 5 in Stealth
  1672 | D:2      | Identified the +4 short sword of Pride {drain, MP+9}
  1766 | D:2      | Reached XP level 3. HP: 10/17 MP: 2/8
  1977 | D:2      | Noticed Jessica
  2386 | D:3      | Learned a level 3 spell: Confusing Touch
  2390 | D:3      | Learned a level 3 spell: Tukima's Dance
  2711 | D:3      | Found a runed translucent door.
  2712 | D:3      | Noticed Crazy Yiuf
  3069 | D:2      | Killed Jessica
  3070 | D:2      | Reached XP level 4. HP: 21/21 MP: 9/9
  3678 | D:3      | Killed Crazy Yiuf
  3679 | D:3      | Reached skill level 1 in Fighting
  3980 | D:4      | Reached XP level 5. HP: 25/25 MP: 11/11
  4253 | D:4      | Noticed an ogre
  4359 | D:4      | Killed an ogre
  4360 | D:4      | Reached skill level 6 in Stealth
  4360 | D:4      | Reached skill level 5 in Hexes
  4360 | D:4      | Reached XP level 6. HP: 21/30 MP: 12/12
  4688 | D:5      | Entered Level 5 of the Dungeon
  4714 | D:5      | Found Urysoss's Jewellery Boutique.
  4925 | D:5      | Found Inenwynn's Book Shoppe.
  5053 | D:5      | Killed from afar by an orc priest

Illustrated notes

Levels and vault maps discovered:
D:1:      shiori_arrival_oz, layout_loops_corners,
          shapermc_ecumenical_altar_notcrosses, nrook_uturn
D:2:      layout_loops_ring, uniq_jessica
D:3:      layout_loops_ring, uniq_crazy_yiuf_cottage
D:4:      layout_basic, serial_aquarium, aquarium_bridge_square
          [aquarium_subvault_window, aquarium_subvault_bridge,
          aquarium_subvault_balcony, aquarium_subvault_wall],
          aquarium_window_fake, aquarium_window_fake, aquarium_window_1,
          aquarium_window_1, aquarium_view_2d, aquarium_pool_1
D:5:      nicolae_BIG_FREAKIN_CUBE, layout_loops_ring, serial_shops,
          shop_statue, kennysheep_little_box, shop, nicolae_shop_waterfront,
          nicolae_stop_n_shop_1, uniq_blork_the_orc

Skill      XL: |  1  2  3  4  5  6 |
---------------+-------------------+-----
Dodging        | 3 4 |  4.2
Spellcasting   | 3 4 |  4.0
Stealth        | 5 6 |  6.1
Hexes          | 4 5 |  5.4
Short Blades   | 2 |  2.8
Fighting       | 1 |  1.5

Action                   |  1- 3 |  4- 6 || total
-------------------------+-------+-------++-------
Melee: Dagger            |   102 |       ||   102
       Punch             |     3 |       ||     3
       Short sword       |     2 |    50 ||    52
 Cast: Ensorcelled Hiber |    20 |    20 ||    40
       Confusing Touch   |       |     5 ||     5
 Stab: Sleeping          |    23 |    17 ||    40
       Confused          |       |     2 ||     2
Armor: Robe              |    10 |     2 ||    12
Dodge: Dodged            |    62 |    32 ||    94
